 Dungeon Crawl Stone Soup version 0.30.0-15-g856e2d3f33 (webtiles) character file.

Game seed: 4477621827234968078

112 qw the Chopper (level 4, -1/28 HPs)
             Began as a Gargoyle Fighter on May 20, 2023.
             Killed from afar by Ijyb (11 damage)
             ... with a bolt of acid
             ... on level 3 of the Dungeon.
             The game lasted 00:00:54 (1541 turns).

qw the Chopper (Gargoyle Fighter)                   Turns: 1541, Time: 00:00:54

Health: -1/28      AC: 11    Str: 21    XL:     4   Next: 93%
Magic:  4/4        EV:  9    Int:  9    God:
Gold:   107        SH:  4    Dex:  9    Spells: 3/3 levels left

rFire   . . .        j - +0 war axe (spect)
rCold   . . .        c - +0 buckler
rNeg    + . .        b - +0 scale mail
rPois   inf          (no helmet)
rElec   +            (no cloak)
rCorr   .            k - +0 pair of gloves
SInv    .            (no boots)
Will    .....        (no amulet) Stlth
                     (no ring)
HPRegen 0.24/turn    (no ring)
MPRegen 0.09/turn

%: no passive effects
@: no status effects
A: sickness immunity, AC +3, negative energy resistance 1, electricity
resistance, torment resistance 1, petrification resistance
a: no special abilities


You were on level 3 of the Dungeon.
You visited 1 branch of the dungeon, and saw 3 of its levels.

You collected 107 gold pieces.


Innate Abilities, Weirdness & Mutations

You are immune to sickness and miasma.
Your stone body is resilient. (AC +3)
You are immune to poison.
You resist negative energy. (rN+)
You are resistant to electric shocks. (rElec)
You are resistant to unholy torment.
You are immune to petrification.


   Skills:
 - Level 3.2 Fighting
 + Level 4.5 Axes
 - Level 3.2 Armour
 - Level 3.2 Shields


You had 3 spell levels left.
You didn't know any spells.
Your spell library was empty.

Inventory:

Hand Weapons
 i - a +0 club
 j - a +0 spectral war axe (weapon)
Armour
 b - a +0 scale mail (worn)
 c - a +0 buckler (worn)
 k - a +0 pair of gloves (worn)
Jewellery
 f - a ring of resist corrosion
Scrolls
 a - a scroll of silence {unknown}
 g - a scroll of brand weapon
Potions
 d - 2 potions of might
 e - a potion of brilliance {unknown}
 h - a potion of attraction {unknown}

Dungeon Overview and Level Annotations

Branches:
Dungeon (3/15)

Altars:
Wu Jian

Annotations:
D:3 Ijyb


Message History

Your +0 spectral war axe hits Ijyb.
Your +0 spectral war axe barely misses Ijyb.
Your +0 spectral war axe closely misses Robin.
Your +0 spectral war axe closely misses the hobgoblin.
Ijyb hits you but does no damage. You block Robin's attack.
The hobgoblin hits you but does no damage.
You slash the hobgoblin!
You kill the hobgoblin!
You barely miss Robin. You barely miss Ijyb.
Your +0 spectral war axe closely misses Ijyb.
Your +0 spectral war axe hits Robin!
Your +0 spectral war axe closely misses Ijyb.
Robin closely misses your +0 spectral war axe.
You block Ijyb's attack.
You barely miss Robin.
Robin is severely wounded.
You hit Ijyb.
Your +0 spectral war axe closely misses Robin.
Your +0 spectral war axe hits Ijyb but does no damage.
Your +0 spectral war axe closely misses Ijyb.
Your +0 spectral war axe closely misses Robin.
Ijyb hits you with a +5 club. Robin hits you but does no damage. x2
Ijyb closely misses you.
You barely miss Robin.
Robin is severely wounded.
You slash Ijyb!
Your +0 spectral war axe hits Robin but does no damage.
Your +0 spectral war axe hits Ijyb but does no damage.
Your +0 spectral war axe barely misses Robin.
Robin barely misses you. You block Ijyb's attack.
You barely miss Robin.
Robin is severely wounded.
You slash Ijyb!
Your +0 spectral war axe hits Robin.
Your +0 spectral war axe closely misses Ijyb.
Your +0 spectral war axe hits Ijyb but does no damage.
Your +0 spectral war axe hits Robin.
You kill Robin!
Ijyb zaps a wand.
The bolt of acid hits you!
You die...

..........[..# ..gg
.<%..........# #..g.
............## ..gg..
....#......## #... ..
#####.<.#### ###... ...
.## ###.#######...##...#
..## #.##..............
...# #.###..#).#)...#
...# #..# #....@.#..#
...# ##.# ###.#(g......
..## #.# #............
.#######.###...#.....###
.....##.......#...##...
####.....####.#..## ##.#
##............... #
#..###.#.......... #.##
#.##).......##


You could see Ijyb (strong) and a friendly +0 spectral war axe.

Vanquished Creatures
  An iguana (D:3)
  Robin (D:3)
  3 adders (D:2)
  A worm (D:2)
  A dart slug (D:3)
  3 orcs (D:3)
  2 ball pythons (D:1)
  4 endoplasms
  5 giant cockroaches
  8 goblins
  7 hobgoblins
  2 quokkas (D:1)
  4 bats
  A frilled lizard (D:3)
  3 kobolds
  A rat (D:3)
47 creatures vanquished.

Notes
Turn   | Place    | Note
-------+----------+-------------------------------------------
     0 | D:1      | qw the Gargoyle Fighter began the quest for the Orb.
     0 | D:1      | Reached XP level 1. HP: 14/14 MP: 1/1
     0 | D:1      | 0 ||| qw: Version: 0.2-a-97-g499787f
     0 | D:1      | 0 ||| qw: Game counter: 67
     0 | D:1      | 0 ||| qw: Always use a shield: true
     0 | D:1      | 0 ||| qw: God list: Okawaru
     0 | D:1      | 0 ||| qw: Allow faded altars: false
     0 | D:1      | 0 ||| qw: Do Orc after D:15 true
     0 | D:1      | 0 ||| qw: Do second Lair branch before Depths: true
     0 | D:1      | 0 ||| qw: Lair rune preference: random
     0 | D:1      | 0 ||| qw: Plans: Normal, Zot:1-4, God:TSO, Crypt, Tomb,
                  | Pan, Slime:5, Hells, Abyss, Win
     0 | D:1      | 0 ||| PLANNING D:1-11
    21 | D:1      | Reached skill level 2 in Axes
   110 | D:1      | Reached XP level 2. HP: 15/19 MP: 2/2
   504 | D:1      | 504 ||| READING scroll labelled KUTZYBL HIEMME.
   505 | D:1      | 505 ||| READING 3 scrolls labelled ZAGRA VIXKILA.
   506 | D:1      | 506 ||| READING 2 scrolls labelled LALEV ROCH.
   507 | D:1      | 507 ||| READING scroll labelled GAED NINLULAPA.
   508 | D:1      | 508 ||| DROPPING 2 scrolls of magic mapping.
   534 | D:2      | Reached skill level 3 in Axes
   535 | D:2      | 535 ||| STAIRDANCE
   555 | D:2      | Reached XP level 3. HP: 23/23 MP: 3/3
   907 | D:2      | Found an ornate altar of the Wu Jian Council.
  1001 | D:2      | Reached XP level 4. HP: 28/28 MP: 4/4
  1212 | D:2      | 1212 ||| UPGRADING to +0 pair of gloves.
  1217 | D:2      | 1217 ||| READING scroll labelled OPOODAMMYE.
  1218 | D:2      | 1218 ||| READING scroll labelled XOXODI TUQAJI.
  1237 | D:2      | 1237 ||| READING scroll labelled ROOW FEAZOMI ISCHE.
  1350 | D:3      | Reached skill level 4 in Axes
  1354 | D:3      | 1354 ||| Stepping ~*~*~tactically~*~*~ (hiding).
  1380 | D:3      | Found a faded altar of an unknown god.
  1527 | D:3      | Noticed Ijyb
  1528 | D:3      | 1528 ||| Stepping ~*~*~tactically~*~*~ (hiding).
  1531 | D:3      | Noticed Robin
  1541 | D:3      | Killed Robin
  1541 | D:3      | Killed from afar by Ijyb

Levels and vault maps discovered:
D:1:      mrwooster_arrival_statue, layout_rooms, chequers_serial_rivers_micro_b
D:2:      layout_basic, basic_altar
D:3:      layout_rooms, hellmonk_ecumenical_altar_defaced_shrine,
          nicolae_goblin_pals

Skill      XL: |  1  2  3  4 |
---------------+-------------+-----
Axes           | 2 3 4 |  4.5
Fighting       | |  3.2
Armour         | |  3.2
Shields        | |  3.2

Action                     |  1- 3 |  4- 6 || total
---------------------------+-------+-------++-------
  Melee: War axe           |    83 |    42 ||   125
    Use: Scroll            |     4 |     3 ||     7
 Armour: Scale mail        |    34 |    14 ||    48
  Dodge: Dodged            |    42 |    13 ||    55
  Block: Buckler           |    13 |     7 ||    20

Table legend:
 A = Non-vault XP
 B = Vault XP
 C = Vault XP percentage of total XP
 D = Non-vault monster count
 E = Vault monster count
 F = Vault count percentage of total count
                 A         B        C        D         E       F
            +---------+---------+-------+---------+---------+-------
      Total |     141 |      35 |  19.9 |      38 |       9 |  19.1
            +---------+---------+-------+---------+---------+-------
        D:1 |      30 |       0 |   0.0 |      17 |       0 |   0.0
        D:2 |      60 |       0 |   0.0 |      12 |       0 |   0.0
        D:3 |      51 |      35 |  40.7 |       9 |       9 |  50.0
            +---------+---------+-------+---------+---------+-------
